 Dungeon Sprint DCSS version 0.31-a0-841-g038b102fc3 (webtiles) character file.

Game seed: 14155082333773508248

1789 sircluck the Grappler (level 8, -6/80 (93) HPs)
             Began as a Troll Berserker on Sept 27, 2023.
             Was the Champion of Trog.
             Killed by nerve-wracking pain
             ... invoked by an orc priest
             ... led by an orc knight
              (9 damage)
             ... in the Dungeon (Sprint VII: "The Pits").
             The game lasted 00:01:11 (451 turns).

sircluck the Grappler (Troll Berserker)              Turns: 451, Time: 00:01:12

HP:   -6/80 (93)    AC:  4    Str: 28    XL:     8   Next: 82%
MP:   7/7           EV: 12    Int:  3    God:    Trog [******]
Gold: 0             SH:  0    Dex:  9    Spells: 7/7 levels left

rFire   . .          .
                       - Unarmed
rCold   . . .        (no shield)
rNeg    . . .        a - +0 animal skin
rPois   .            (helmet restricted)
rElec   .            (no cloak)
rCorr   .            (gloves unavailable)
SInv    .            (boots unavailable)
Will    .....        (no amulet)
Stlth   +            (no ring)
HPRegen 1.13/turn    (no ring)
MPRegen 0.10/turn

%: no teleportation
@: heavily drained
A: large, unfitting armour, claws 3, regeneration 1, shaggy fur 1, tough skin 1
a: Renounce Religion, Berserk, Trog's Hand, Brothers in Arms


You were in the Dungeon.
You worshipped Trog.
Trog was exalted by your worship.
You visited 1 branch

Inventory:

Missiles
 h - 7 large rocks
Armour
 a - a +0 animal skin (worn)
Scrolls
 j - 2 scrolls of vulnerability
 k - a scroll of summoning
Potions
 b - 6 potions of curing
 c - 5 potions of heal wounds
 d - a potion of haste
 e - 4 potions of magic
 f - 3 potions of berserk rage
 i - 2 potions of invisibility


   Skills:
 + Level 10.2 Fighting
 + Level 10.0 Dodging
 + Level 11.9 Unarmed Combat


You had 7 spell levels left.
You didn't know any spells.
Your spell library was empty.

Dungeon Overview and Level Annotations

Branches:
Dungeon (1/1)

Altars:
Ashenzari
Cheibriados
Dithmenos
Elyvilon
Fedhas
Gozag
Hepliaklqana
Kikubaaqudgha
Makhleb
Nemelex Xobeh
Okawaru
Qazlal
Ru
Sif Muna
Trog
Uskayaw
Vehumet
Wu Jian
Xom
Yredelemnul
Zin
The Shining One
Jiyva
Lugonu


Innate Abilities, Weirdness & Mutations

You are too large for most types of armour.
You have claws for hands.
Your natural rate of healing is unusually fast.
You are covered in fur. (AC +1)
You have tough skin. (AC +1)


Message History

You barely miss the orc warrior. You mangle the orc warrior!!
The orc warrior is almost dead.
The orc warrior hits you with a +0 scimitar!
You scratch the orc warrior but do no damage.
The orc warrior is almost dead.
The orc warrior hits you with a +0 scimitar!
You mangle the orc warrior!!
You kill the orc warrior!
Trog accepts your kill.
The orc priest begins to cast a cantrip, but forgets the words!
Your Dodging skill increases to level 10!
You claw the orc knight!
The orc knight is lightly wounded.
You closely miss the orc knight.
The orc knight is lightly wounded.
The orc knight hits you with a +3 long sword of draining.
You feel drained.
You closely miss the orc knight. Your claw misses the orc knight.
The orc knight is lightly wounded.
The orc knight hits you with a +3 long sword of draining!
You feel drained.
You barely miss the orc knight.
The orc knight is lightly wounded.
The orc knight hits you with a +3 long sword of draining!!
You feel drained.
* * * LOW HITPOINT WARNING * * *
You feel much better.
The orc knight hits you with a +3 long sword of draining!!
* * * LOW HITPOINT WARNING * * *
You feel drained.
* * * LOW HITPOINT WARNING * * *
Unknown command.
Unknown command.
Blink to where?
Press: ? - help, Q - select action, (/) - cycle Dir - move target
As you read the scroll of blinking, it crumbles to dust.
The orc priest mumbles some strange prayers to Beogh against you.
Pain shoots through your body!
You die...

#.#........##.......##..#
#'###########.......##++#
#...))..#..##########
#..#†#..#§######
#.##)##.#o#....#
#...)...#Y#Y..
#.##.##.#YoYooY+
#..#.#..#'#.oY.#
#.......@)#.oY.#
########### ####


You could see an orc knight, 4 yaks and an orc priest (strong).

Vanquished Creatures
  An orc knight (D)
  2 cyclopes (D)
  A yak (D)
  A floating eye (D)
  An orc warrior (D)
  A wolf (D)
  A gnoll sergeant (D)
  A crimson imp (D)
  An iguana (D)
  An orc wizard (D)
  4 gnolls (D)
  A river rat (D)
  An adder (D)
  An adder zombie (D)
  A worm (D)
  2 orcs (D)
  An endoplasm (D)
  A giant cockroach (D)
  2 goblins (D)
  5 jackals (D)
  A kobold (D)
  A bat (D)
32 creatures vanquished.

Notes
Turn   | Place    | Note
-------+----------+-------------------------------------------
     0 | D        | sircluck the Troll Berserker began the quest for the Orb.
     0 | D        | Reached XP level 1. HP: 22/22 MP: 0/0
    11 | D        | Noticed a cyclops
    11 | D        | Noticed a cyclops
    33 | D        | Killed a cyclops
    34 | D        | Reached skill level 8 in Unarmed Combat
    34 | D        | Reached XP level 2. HP: 13/40 MP: 1/1
    34 | D        | Reached XP level 3. HP: 15/46 MP: 2/2
    34 | D        | Reached XP level 4. HP: 18/55 MP: 3/3
    34 | D        | Reached XP level 5. HP: 21/62 MP: 4/4
    34 | D        | Reached XP level 6. HP: 24/71 MP: 5/5
    36 | D        | HP: 5/106 [cyclops (21)]
    39 | D        | Killed a cyclops
    40 | D        | Reached skill level 10 in Unarmed Combat
    40 | D        | Reached XP level 7. HP: 8/81 MP: 6/6
   124 | D        | Reached ** piety under Trog
   135 | D        | Found a bloodstained altar of Trog.
   135 | D        | Found a shimmering blue altar of Sif Muna.
   135 | D        | Found a viscous altar of Jiyva.
   135 | D        | Found a hazy altar of Hepliaklqana.
   135 | D        | Found an opulent altar of Gozag.
   136 | D        | Found a glowing golden altar of the Shining One.
   136 | D        | Found a glowing silver altar of Zin.
   136 | D        | Found a basalt altar of Yredelemnul.
   136 | D        | Found a shimmering altar of Xom.
   136 | D        | Found an ornate altar of the Wu Jian Council.
   136 | D        | Found a sacrificial altar of Ru.
   136 | D        | Found a stormy altar of Qazlal.
   136 | D        | Found an iron altar of Okawaru.
   136 | D        | Found a sparkling altar of Nemelex Xobeh.
   136 | D        | Found a burning altar of Makhleb.
   136 | D        | Found a blossoming altar of Fedhas.
   136 | D        | Found a white marble altar of Elyvilon.
   136 | D        | Found a shadowy altar of Dithmenos.
   136 | D        | Found a snail-covered altar of Cheibriados.
   140 | D        | Found a corrupted altar of Lugonu.
   140 | D        | Found a radiant altar of Vehumet.
   141 | D        | Found a broken altar of Ashenzari.
   141 | D        | Found an ancient bone altar of Kikubaaqudgha.
   141 | D        | Found a hide-covered altar of Uskayaw.
   201 | D        | Reached *** piety under Trog
   209 | D        | Reached **** piety under Trog
   288 | D        | Reached ***** piety under Trog
   393 | D        | Reached XP level 8. HP: 82/92 MP: 7/7
   402 | D        | Noticed an orc knight
   408 | D        | Killed an orc knight
   408 | D        | Reached ****** piety under Trog
   409 | D        | Reached skill level 11 in Unarmed Combat
   413 | D        | Identified the +5 giant spiked club of Peril {heavy, rF+
                  | Str+4} (Trog gifted it to you in the Dungeon)
   413 | D        | Received a gift from Trog
   414 | D        | Paralysed by a floating eye for 2 turns
   433 | D        | Noticed an orc knight
   441 | D        | Reached skill level 10 in Fighting
   446 | D        | Reached skill level 10 in Dodging
   450 | D        | HP: 2/80 [orc knight/+3 long sword of draining (9)]
   451 | D        | Killed from afar by an orc priest

Illustrated notes

Levels and vault maps discovered:
D:        pitsprint [storerooms_1, entrance_room_1, metal_vault_4, armoury_2,
          mini_pit_1, grid_room_1, main_hall_1, silver_pit, the_coven_1,
          the_vestibule_1, steel_vault_4, golden_pit, hallway_of_sentries,
          crystal_vault_4, iron_vault_1, final_vault]

Skill      XL: |  1  2  3  4  5  6  7  8 |
---------------+-------------------------+-----
Fighting       | 7 8 9 10 | 10.2
Dodging        | 7 8 10 | 10.0
Unarmed Combat | 8 10 11 | 11.9

Action                     |  1- 3 |  4- 6 |  7- 9 || total
---------------------------+-------+-------+-------++-------
  Melee: Unarmed           |     6 |     5 |    80 ||    91
         Punch             |       |     1 |     2 ||     3
 Invoke: Berserk           |     1 |       |       ||     1
    Use: Scroll            |       |       |     1 ||     1
         Potion            |       |       |     1 ||     1
   Stab: Sleeping          |       |       |     1 ||     1
 Armour: Animal skin       |     2 |     1 |    68 ||    71
  Dodge: Dodged            |     1 |     2 |    47 ||    50

Table legend: (Time is in decaauts)
 A = Elapsed time spent in this place.
 B = Non-inter-level travel time spent in this place.
 C = Inter-level travel time spent in this place.
 D = Time resting spent in this place.
 E = Time spent auto-exploring this place.
 F = Levels seen in this place.
 G = Mean time per level.
                   A        B        C        D        E       F      G
               +--------+--------+--------+--------+--------+-----+--------+
         Total |    441 |    441 |      0 |    128 |    109 |   1 |  441.0 |
       Dungeon |    441 |    441 |      0 |    128 |    109 |   1 |  441.0 |
               +--------+--------+--------+--------+--------+-----+--------+

Top non-repeatable levels by time:
       D: 441 daAuts
